 Dungeon Crawl Stone Soup version 0.28.0-47-ge53b351184 (webtiles) character file.

Game seed: 3257693865004098054

8999 Hrothgar the Firebug (level 11, -10/86 HPs)
             Began as a Yellow Draconian Fire Elementalist on May 10, 2022.
             Was an Elder of Jiyva.
             Mangled by Snorg (16 damage)
             ... on level 11 of the Dungeon.
             The game lasted 01:00:42 (8375 turns).

Hrothgar the Firebug (DrFE)                         Turns: 8375, Time: 01:00:42

Health: -10/86     AC:  7    Str: 12    XL:     11   Next: 17%
Magic:  21/21      EV: 14    Int: 24    God:    Jiyva [****..]
Gold:   314        SH:  0    Dex: 18    Spells: 7/24 levels left

rFire   + + +      SeeInvis .   t - +5 spear "Erusunni" {holy, rF+}
rCold   . . .      Faith    .   (no shield)
rNeg    . . .      Spirit   .   (armour unavailable)
rPois   .          Reflect  .   (helmet restricted)
rElec   .          Harm     .   (no cloak)
rCorr   +          Rampage  .   (no gloves)
Will    .....                   (no boots)
Stlth   +++.......              (no amulet)
HPRegen 1.52/turn               s - +6 ring of intelligence
MPRegen 0.57/turn               m - +6 ring of dexterity

@: silenced, calling ooze
A: spit acid, AC +7, unfitting armour, cold-blooded, acid resistance, claws 2,
fire resistance 2, wild magic 2, translucent skin 3
a: Breathe Acid, Renounce Religion


You were on level 11 of the Dungeon.
You worshipped Jiyva.
Jiyva was greatly pleased with you.
You visited 1 branch of the dungeon, and saw 12 of its levels.

You collected 314 gold pieces.

Inventory:

Hand Weapons
 t - the +5 spear "Erusunni" (weapon) {holy, rF+}
   (You found it on level 8 of the Dungeon)

   It has been blessed by the Shining One to cause great damage to the undead
   and demons.
   rF:        It protects you from fire.
Missiles
 o - 4 silver javelins
 v - 2 silver boomerangs
Jewellery
 a - a ring of protection from fire
 k - a ring of fire
 m - a +6 ring of dexterity (right claw)
 s - a +6 ring of intelligence (left claw)
Wands
 u - a wand of paralysis (1)
Scrolls
 e - a scroll of enchant armour
 f - a scroll of fear {unknown}
 i - a scroll of magic mapping
 p - a scroll of vulnerability
Potions
 b - a potion of degeneration {unknown}
 d - a potion of mutation {unknown}
 g - a potion of haste {unknown}
 q - a potion of berserk rage
 r - a potion of lignification {unknown}
 w - 2 potions of ambrosia {unknown}


   Skills:
 * Level 5.1 Fighting
 * Level 4.1 Long Blades
 * Level 2.3 Polearms
 - Level 2.5 Crossbows
 * Level 3.2 Throwing
 * Level 4.7 Dodging
 * Level 4.6 Stealth
 + Level 1.5 Unarmed Combat
 * Level 7.1 Spellcasting
 * Level 4.6 Conjurations
 * Level 3.3 Hexes
 * Level 4.1 Transmutations
 * Level 7.3 Fire Magic
 * Level 4.3 Poison Magic
 * Level 2.3 Evocations


You had 7 spell levels left.
You knew the following spells:

 Your Spells              Type           Power      Damage    Failure   Level
a - Foxfire               Conj/Fire      100%       2x1d9     3%          1
b - Scorch                Fire           100%       2d10      2%          2
c - Confusing Touch       Hex            39%        N/A       13%         3
d - Spider Form           Tmut/Pois      46%        N/A       10%         3
e - Flame Wave            Conj/Fire      56%        2d11      14%         4
f - Hailstorm             Conj/Ice       31%        3d8       43%         4

Your spell library contained the following spells:

 Spells                   Type           Power      Damage    Failure   Level
 Beastly Appendage        Tmut           90%        N/A       4%          1
 Slow                     Hex            100%       N/A       6%          1
 Wereblood                Tmut           45%        N/A       6%          2
 Conjure Flame            Conj/Fire      56%        6-21      6%          3
 Inner Flame              Hex/Fire       53%        N/A       7%          3
 Ignite Poison            Fire/Tmut/Pois 52%        N/A       8%          3
 Sticky Flame             Conj/Fire      56%        2d7       14%         4
 Freeze                   Ice            52%        1d7       16%         1
 Frozen Ramparts          Ice            26%        1d4       38%         3
 Vampiric Draining        Necr           13%        2d6       38%         3


Dungeon Overview and Level Annotations

Branches:
Dungeon (12/15)            Temple (0/1) D:6
   Lair: D:8-11         Orc: D:9-12

Altars:
Dithmenos
Hepliaklqana
Jiyva

Shops:
D:3 (   D:8 (   D:10 =

Annotations:
D:11 1 runed translucent door, Snorg; croobank's ghost, journeyman DrFE


Innate Abilities, Weirdness & Mutations

You can spit globs of acid.
Your golden yellow scales are hard. (AC +7)
You cannot fit into any form of body armour.
You are cold-blooded and may be slowed by cold attacks.
You are resistant to acid. (rCorr)
You have very sharp fingernails.
Your flesh is very heat resistant. (rF++)
Your spells are harder to cast, but more powerful.
Your transparent skin significantly reduces your foes' accuracy. (Stealth+)


Message History

The four-headed hydra bites you! The four-headed hydra misses you.
You hit the four-headed hydra.
The four-headed hydra is heavily wounded.
The walls burn Snorg!
The walls burn the four-headed hydra!
The four-headed hydra barely misses you.
The four-headed hydra bites you!
The four-headed hydra closely misses you.
The four-headed hydra bites you.
You hear a distant slurping noise.
The walls burn Snorg!
Snorg rages.
The walls burn Snorg!
The walls burn the four-headed hydra!
The four-headed hydra completely misses you.
The four-headed hydra bites you. The four-headed hydra misses you.
The four-headed hydra bites you!
* * * LOW HITPOINT WARNING * * *
Okay, then.
You open the door.
A komodo dragon comes into view.
The walls burn Snorg!
The walls burn the four-headed hydra!
The four-headed hydra misses you. x2; The four-headed hydra bites you.
* * * LOW HITPOINT WARNING * * *
The four-headed hydra misses you.
The walls burn Snorg!
The komodo dragon hisses angrily.
A two-headed ogre comes into view.
It is wielding two +0 giant spiked clubs.
The walls burn Snorg!
The walls burn the four-headed hydra!
There is an open door here.
As you read the scroll labelled YTOBLAI QAIV, it crumbles to dust.
A profound silence engulfs you.
It was a scroll of silence.
The walls burn Snorg!
The walls burn the four-headed hydra!
The four-headed hydra misses you.
The four-headed hydra closely misses you.
The four-headed hydra misses you. The four-headed hydra bites you!
* * * LOW HITPOINT WARNING * * *
The walls burn Snorg!
The walls burn the four-headed hydra!
The komodo dragon closely misses you.
The walls burn Snorg! x2; Snorg closely misses you.
Snorg claws you.
* * * LOW HITPOINT WARNING * * *
Snorg claws you!
You die...

#.....).....#
#...........# ######+##
#...........# #........
#...........# #........
#...........# #........
............####........
#.........†.##.D.l.O....
#.......>......#T.......
#..........)####@.......
#...........# #........
############# #########


You could see Snorg (berserk, unsilenced), a four-headed hydra, a two-headed
ogre (wandering) and a komodo dragon.

Vanquished Creatures
  A two-headed ogre (D:9)
  Pikel (D:8)
  An unseen horror (D:10)
  Maggie (D:9)
  A hornet (D:9)
  A troll (D:10)
  Grinder (D:3)
  A vampire (D:8)
  9 yaks
  Grum (D:9)
  2 vampire mosquitoes (D:10)
  2 water moccasins (D:6)
  2 orc warriors
  A sky beast (D:7)
  A necrophage (D:3)
  A black bear (D:5)
  2 wolves (D:9)
  3 centaurs
  3 lemures (D:8)
  6 bullfrogs
  3 scorpions
  5 wights (D:8)
  An electric eel (D:6)
  4 howler monkeys (D:7)
  A centaur zombie (D:9)
  6 orc priests
  A gnoll shaman (D:6)
  3 iguanas
  Natasha (thrice) (D:3)
  2 orc wizards (D:6)
  5 gnolls
  A howler monkey zombie (D:9)
  4 adders
  2 worms
  3 dart slugs
  9 orcs
  5 ball pythons
  2 giant cockroaches
  4 goblins
  4 hobgoblins
  2 jackals
  4 quokkas (D:1)
  2 bats (D:1)
  4 frilled lizards
  8 kobolds
  6 rats
135 creatures vanquished.

Vanquished Creatures (collateral kills)
  A hydra (D:11)
  A two-headed ogre (D:11)
  A tengu warrior (D:10)
  An orc sorcerer (D:9)
  A yak (D:11)
  A wraith (D:9)
  An orc warrior (D:11)
  A kobold brigand (D:8)
  A foxfire (D:1)
9 creatures vanquished.

Vanquished Creatures (others)
  A bullfrog (D:7)
  A water moccasin skeleton (D:5)
  An electric eel (D:8)
  2 howler monkeys (D:7)
  A bullfrog zombie (D:6)
  A gnoll shaman (D:5)
  11 jellies
  A bullfrog skeleton (D:5)
  7 gnolls
  2 adders
  6 orcs
  2 bats
  5 endoplasms
  A giant cockroach (D:2)
  3 goblins
  A hobgoblin (D:1)
  5 jackals
  A frilled lizard (D:1)
  A kobold (D:1)
  A rat (D:2)
  25 foxfires
  11 fungi (D:8)
  5 plants (D:1)
  9 withered plants
104 creatures vanquished.

Grand Total: 248 creatures vanquished

Notes
Turn   | Place    | Note
-------+----------+-------------------------------------------
     0 | D:1      | Hrothgar the Draconian Fire Elementalist began the quest
                  | for the Orb.
     0 | D:1      | Reached XP level 1. HP: 14/14 MP: 3/3
    32 | D:1      | Found a faded altar of an unknown god.
    72 | D:1      | Prayed at the altar of an unknown god.
    72 | D:1      | Became a worshipper of Jiyva Jaasirye the Shapeless
    72 | D:1      | Reached * piety under Jiyva
   410 | D:1      | Reached XP level 2. HP: 20/20 MP: 3/5
   413 | D:1      | Learned a level 2 spell: Scorch
   440 | D:1      | Reached ** piety under Jiyva
   683 | D:1      | Learned a level 1 spell: Beastly Appendage
  1166 | D:2      | Reached XP level 3. HP: 27/27 MP: 1/6
  1193 | D:2      | Learned a level 3 spell: Spider Form
  1462 | D:2      | Reached *** piety under Jiyva
  1551 | D:3      | Found Watofy's Weapon Shoppe.
  1660 | D:3      | Noticed Grinder
  1674 | D:3      | Killed Grinder
  1675 | D:3      | Reached skill level 1 in Fighting
  1675 | D:3      | Reached skill level 1 in Transmutations
  1675 | D:3      | Reached skill level 1 in Poison Magic
  1675 | D:3      | Reached XP level 4. HP: 36/36 MP: 6/9
  1675 | D:3      | Reached XP level 5. HP: 41/41 MP: 6/10
  1731 | D:3      | Noticed Natasha
  1735 | D:3      | Killed Natasha
  1737 | D:3      | Noticed a necrophage
  1754 | D:3      | Killed a necrophage
  1755 | D:3      | Reached XP level 6. HP: 48/48 MP: 1/11
  1870 | D:3      | Noticed Natasha
  1883 | D:3      | Killed Natasha
  1901 | D:3      | Noticed Natasha
  1917 | D:3      | Killed Natasha
  2103 | D:3      | Learned a level 4 spell: Flame Wave
  2421 | D:4      | Gained mutation: You are resistant to electric shocks.
                  | (rElec) [Jiyva's grace]
  2421 | D:4      | Gained mutation: Your system is resistant to poisons.
                  | (rPois) [Jiyva's grace]
  2421 | D:4      | Gained mutation: You have sharp fingernails. [Jiyva's
                  | grace]
  2421 | D:4      | Gained mutation: You have very sharp fingernails. [Jiyva's
                  | grace]
  2728 | D:4      | Reached **** piety under Jiyva
  2838 | D:5      | Entered Level 5 of the Dungeon
  3172 | D:5      | Your scales start taking on a golden yellow colour.
  3172 | D:5      | Reached XP level 7. HP: 35/55 MP: 11/13
  3172 | D:5      | Gained mutation: You are resistant to acid. (rCorr) [Yellow
                  | Draconian growth]
  3677 | D:5      | Reached ***** piety under Jiyva
  3870 | D:6      | Reached skill level 1 in Long Blades
  4028 | D:6      | Found a staircase to the Ecumenical Temple.
  4113 | D:6      | Reached skill level 1 in Crossbows
  4113 | D:6      | Reached skill level 1 in Unarmed Combat
  4157 | D:6      | Reached XP level 8. HP: 62/62 MP: 14/14
  4343 | D:6      | Reached skill level 1 in Throwing
  4443 | D:7      | Reached skill level 5 in Fire Magic
  4518 | D:7      | Learned a level 3 spell: Confusing Touch
  4545 | D:7      | Found a hazy altar of Hepliaklqana.
  4878 | D:7      | Gained mutation: Your spells are a little harder to cast,
                  | but a little more powerful. [Jiyva's grace]
  4878 | D:7      | Gained mutation: Your spells are harder to cast, but more
                  | powerful. [Jiyva's grace]
  4878 | D:7      | Gained mutation: Your spells are much harder to cast, but
                  | much more powerful. [Jiyva's grace]
  4878 | D:7      | Gained mutation: Your translucent skin slightly reduces
                  | your foes' accuracy. (Stealth+) [Jiyva's grace]
  5275 | D:8      | Reached skill level 5 in Spellcasting
  5324 | D:8      | Noticed Pikel
  5346 | D:8      | Reached XP level 9. HP: 71/71 MP: 12/16
  5351 | D:8      | Killed Pikel
  5352 | D:8      | Reached skill level 1 in Hexes
  5424 | D:8      | Found a shadowy altar of Dithmenos.
  5559 | D:8      | Found Uheh's Weapon Shop.
  5719 | D:8      | HP: 2/71 [something (7)]
  5906 | D:8      | Identified the +5 spear "Erusunni" {holy, rF+}
  6073 | D:9      | Noticed Maggie
  6088 | D:9      | Paralysed by Maggie for 6 turns
  6100 | D:9      | Killed Maggie
  6346 | D:9      | Noticed a two-headed ogre
  6385 | D:9      | Killed a two-headed ogre
  6386 | D:9      | Reached XP level 10. HP: 69/80 MP: 17/19
  6402 | D:9      | Noticed Grum
  6425 | D:9      | Killed Grum
  6507 | D:9      | Learned a level 4 spell: Hailstorm
  6591 | D:9      | Noticed an orc sorcerer
  6603 | D:9      | Noticed a soul eater
  6607 | D:9      | Paralysed by an orc sorcerer for 7 turns
  6620 | D:9      | HP: 2/76 [hellwing[an orc sorcerer] (4)]
  6622 | D:9      | Reached skill level 1 in Polearms
  6622 | D:9      | Killed an orc sorcerer
  6623 | D:9      | Reached skill level 1 in Evocations
  6795 | D:9      | Lost mutation: Your system is resistant to poisons. (rPois)
                  | [Jiyva's grace]
  6795 | D:9      | Lost mutation: You are resistant to electric shocks.
                  | (rElec) [Jiyva's grace]
  6795 | D:9      | Lost mutation: Your spells are much harder to cast, but
                  | much more powerful. [Jiyva's grace]
  6795 | D:9      | Gained mutation: Your translucent skin reduces your foes'
                  | accuracy. (Stealth+) [Jiyva's grace]
  6795 | D:9      | Gained mutation: Your transparent skin significantly
                  | reduces your foes' accuracy. (Stealth+) [Jiyva's grace]
  6795 | D:9      | Gained mutation: Your flesh is heat resistant. (rF+)
                  | [Jiyva's grace]
  6795 | D:9      | Gained mutation: Your flesh is very heat resistant. (rF++)
                  | [Jiyva's grace]
  7210 | D:10     | Entered Level 10 of the Dungeon
  7542 | D:10     | Found Xudimp's Jewellery Boutique.
  7629 | D:10     | Noticed a tengu warrior
  7638 | D:10     | Killed a tengu warrior
  8091 | D:11     | Noticed a tengu warrior
  8093 | D:11     | Found a runed translucent door.
  8095 | D:11     | Noticed croobank's ghost (journeyman DrFE)
  8104 | D:11     | Slimified a tengu warrior
  8104 | D:11     | a tengu warrior changed into a slime creature
  8190 | D:11     | Reached skill level 5 in Fighting
  8247 | D:11     | Reached XP level 11. HP: 83/86 MP: 18/21
  8309 | D:11     | Noticed a two-headed ogre
  8309 | D:11     | Noticed Snorg
  8309 | D:11     | Noticed a four-headed hydra
  8309 | D:11     | Noticed a four-headed hydra
  8322 | D:12     | Noticed a two-headed ogre
  8328 | D:11     | Killed a two-headed ogre
  8329 | D:11     | Killed a four-headed hydra
  8372 | D:11     | Noticed a two-headed ogre
  8375 | D:11     | Mangled by Snorg

Illustrated notes

Levels and vault maps discovered:
D:1:      ncdulo_lavacross, layout_loops_cross,
          shapermc_ecumenical_altar_flowoftime, minmay_cut_off
D:2:      layout_basic
D:3:      layout_loops_ring, serial_shops, nicolae_shop_bloodbath_and_beyond,
          corexii_item_surrounded_by_moat, uniq_natasha, uniq_grinder
D:4:      layout_gridville
D:5:      layout_layer_cave
D:6:      layout_rooms, minmay_temple_entry_wispy,
          hangedman_abyss_or_decor_stabs, kennysheep_opposing_triangles
D:7:      layout_loops_cross, lemuel_doored_altar,
          amcnicky_mini_corridor_feature, grunt_ministairs_3
D:8:      layout_basic, mainiacjoe_overflow_boulevard, serial_shops,
          nicolae_shop_stone, uniq_pikel
D:9:      cheibrodos_wizards_tower, layout_basic, minmay_misc_feat_doors,
          uniq_grum, uniq_maggie
D:10:     layout_basic, minmay_shop_enchanted_jewellery, hex_intersection
D:11:     layout_roguey, lair_entry_dummy, orc_0_dummy, gammafunk_ghost_grave,
          special_room [special_room_orc], uniq_snorg
D:12:     layout_irregular_city, maelrawn_ghost_gauntlet_escape,
          nicolae_trove_entry_path_of_doom

Skill      XL: |  1  2  3  4  5  6  7  8  9 10 11 |
---------------+----------------------------------+-----
Stealth        | 2 3 4 |  4.6
Fighting       | 1 2 3 4 5 |  5.1
Dodging        | 2 3 4 |  4.7
Spellcasting   | 3 4 5 6 7 |  7.1
Transmutations | 1 2 3 4 |  4.1
Fire Magic     | 4 5 6 7 |  7.3
Poison Magic   | 1 2 3 4 |  4.3
Conjurations   | 2 3 4 |  4.6
Long Blades    | 1 2 3 4 |  4.1
Crossbows      | 1 2 |  2.5
Unarmed Combat | 1 |  1.5
Throwing       | 1 2 3 |  3.2
Hexes          | 2 3 |  3.3
Polearms       | 2 |  2.3
Evocations     | 2 |  2.3

Action                   |  1- 3 |  4- 6 |  7- 9 | 10-12 || total
-------------------------+-------+-------+-------+-------++-------
Melee: Unarmed           |    26 |    32 |    42 |       ||   100
       Tailslap          |     7 |       |     1 |     5 ||    13
       Long sword        |       |     2 |     3 |       ||     5
       Spear             |       |       |     3 |    45 ||    48
       Punch             |       |       |       |     2 ||     2
 Fire: Hand crossbow     |       |       |    27 |       ||    27
 Cast: Foxfire           |    12 |       |     2 |       ||    14
       Scorch            |    22 |    11 |    39 |    34 ||   106
       Spider Form       |     2 |     8 |     9 |       ||    19
       Flame Wave        |       |       |     4 |     2 ||     6
       Hailstorm         |       |       |       |     1 ||     1
Invok: Oozemancy         |     1 |       |     4 |     3 ||     8
       Slimify           |       |       |       |     1 ||     1
 Abil: Breathe Acid      |       |       |    17 |    12 ||    29
Evoke: Wand              |       |       |       |     2 ||     2
  Use: Scroll            |     2 |     3 |     4 |     2 ||    11
       Potion            |       |       |     5 |     2 ||     7
 Stab: Sleeping          |     1 |     2 |     1 |     1 ||     5
Armor: Skin              |     4 |     3 |    30 |    31 ||    68
Dodge: Dodged            |    13 |    43 |   118 |    94 ||   268
